 Dungeon Crawl Stone Soup version 0.30-a0-726-gd89dcf765f (webtiles) character file.

Game seed: 6445117724002370765

13621 Legacy the Fighter (level 12, -3/74 HPs)
             Began as a Gargoyle Earth Elementalist on Jan 29, 2023.
             Was a Priest of Makhleb.
             Slain by a death yak (20 damage)
             ... on level 11 of the Dungeon.
             The game lasted 00:39:42 (11816 turns).

Legacy the Fighter (Gargoyle Earth Elementalist)   Turns: 11816, Time: 00:39:43

Health: -3/74      AC: 21    Str: 15    XL:     12   Next: 7%
Magic:  10/21      EV: 12    Int: 21    God:    Makhleb [***...]
Gold:   1350       SH:  0    Dex: 10    Spells: 5/23 levels left

rFire   + . .      SeeInvis .    k - +9 glaive "Gaatz" {flame, rN+ Int+3}
rCold   + . .      Faith    .    (shield currently unavailable)
rNeg    + + .      Spirit   .    K - +0 swamp dragon scales
rPois   ∞          Reflect  .    o - +1 helmet
rElec   +          Harm     .    (no cloak)
rCorr   +          Rampage  .    (no gloves)
Will    .....                    u - +0 pair of boots
Stlth   ++                       p - amulet of the acrobat
HPRegen 0.32/turn                m - +4 ring of slaying
MPRegen 0.17/turn                a - ring of wizardry

@: resistant, studying Shields
A: sickness immunity, AC +8, negative energy resistance 1, electricity
resistance, torment resistance 1, petrification resistance
a: Renounce Religion, Minor Destruction, Lesser Servant of Makhleb


You were on level 11 of the Dungeon.
You worshipped Makhleb.
Makhleb was most pleased with you.
You visited 1 branch of the dungeon, and saw 11 of its levels.
You also visited: Sewer.

You collected 1518 gold pieces.
You spent 168 gold pieces at shops.

Inventory:

Hand Weapons
 i - a +2 battleaxe
 j - a +0 short sword
 k - the +9 glaive "Gaatz" (weapon) {flame, rN+ Int+3}
   (You acquired it on level 4 of the Dungeon)

   Int:       It affects your intelligence (+3).
   rN:        It protects you from negative energy.
 F - the +9 dagger "Jellyslayer" {freeze, Int+3}
   (You found it on level 5 of the Dungeon)

   Int:       It affects your intelligence (+3).
 G - the +11 hand axe "Qecha" {freeze, Fly rC- rN++ Int+2}
   (You found it on level 5 of the Dungeon)

   Int:       It affects your intelligence (+2).
   rC:        It makes you vulnerable to cold.
   rN:        It greatly protects you from negative energy.
   Fly:       It grants you flight.
 L - the +1 trident of Venoah {venom, Int+3}
   (You found it on level 7 of the Dungeon)

   Int:       It affects your intelligence (+3).
Armour
 o - a +1 helmet (worn)
 q - a +2 buckler of protection
 s - an orb of energy
 u - a +0 pair of boots (worn)
 I - a +0 troll leather armour
 K - +0 swamp dragon scales (worn)
 O - a +0 chain mail
Jewellery
 a - a ring of wizardry (right hand)
 f - a ring of see invisible
 m - a +4 ring of slaying (left hand)
 n - a ring of flight
 p - an amulet of the acrobat (around neck)
 B - a ring of ice
Scrolls
 c - a scroll of magic mapping
 e - 2 scrolls of butterflies
 v - 3 scrolls of torment
 w - a scroll of noise
 x - a scroll of acquirement
 C - a scroll of vulnerability
 D - 5 scrolls of identify
 E - 3 scrolls of teleportation
 M - 2 scrolls of enchant armour
 N - 3 scrolls of fog
 P - a scroll of immolation
 Q - 2 scrolls of enchant weapon
Potions
 b - 4 potions of curing
 d - a potion of haste {unknown}
 h - a potion of ambrosia {unknown}
 l - a potion of resistance
 r - a potion of magic
 t - 2 potions of cancellation {unknown}
 z - 4 potions of flight
 A - 3 potions of mutation
 H - 3 potions of berserk rage {unknown}
 J - a potion of lignification {unknown}
 S - a potion of invisibility {unknown}


   Skills:
 * Level 8.2 Fighting
 - Level 3.4 Polearms
 * Level 6.9 Armour
 * Level 6.2 Dodging
 + Level 3.7 Stealth
 + Level 3.3 Shields
 * Level 6.2 Spellcasting
 * Level 6.2 Conjurations
 * Level 5.2 Transmutations
 * Level 3.6 Air Magic
 * Level 7.4 Earth Magic
 * Level 4.5 Invocations


You had 5 spell levels left.
You knew the following spells:

 Your Spells              Type           Power      Damage    Failure   Level
a - Sandblast             Erth           74%        2d16      1%          1
b - Stone Arrow           Conj/Erth      70%        3d11      1%          3
c - Passwall              Tmut/Erth      27%        N/A       1%          2
d - Petrify               Tmut/Erth      33%        N/A       5%          4
e - Swiftness             Air            22%        N/A       4%          3
f - Ensorcelled Hibernat  Hex/Ice        12%        N/A       11%         2
g - Tukima's Dance        Hex            6%         N/A       21%         3

Your spell library contained the following spells:

 Spells                   Type           Power      Damage    Failure   Level
 Kiss of Death            Conj/Necr      76%        2d11      1%          1
 Magic Dart               Conj           100%       1d8       1%          1
 Searing Ray              Conj           64%        2d6       1%          2
 Ignite Poison            Fire/Tmut/Pois 13%        N/A       11%         3
 Kindle Blastsparks       Fire/Tloc/Air  22%        2d11      12%         3
 Fulminant Prism          Conj/Hex       9%         3d7       19%         4
 Confusing Touch          Hex            6%         N/A       21%         3
 Freezing Cloud           Conj/Ice/Air   10%        6-21      43%         5
 Anguish                  Hex/Necr       3%         N/A       52%         4
 Dispel Undead            Necr           6%         3d8       52%         4
 Passage of Golubria      Tloc           6%         N/A       52%         4
 Yara's Violent Unravell  Hex/Tmut       8%         3d5       52%         5
 Enfeeble                 Hex            3%         N/A       100%        7


Dungeon Overview and Level Annotations

Branches:
Dungeon (11/15)            Temple (0/1) D:7            Lair (0/5) D:10
    Orc (0/2) D:10          Sewer (visited)

Altars:
Dithmenos
Fedhas
Gozag
Hepliaklqana
Kikubaaqudgha
Makhleb
Okawaru
Uskayaw
Zin
The Shining One

Shops:
D:6 *   D:7 (


Innate Abilities, Weirdness & Mutations

You are immune to sickness and miasma.
Your stone body is resilient. (AC +8)
You are immune to poison.
You resist negative energy. (rN+)
You are resistant to electric shocks. (rElec)
You are resistant to unholy torment.
You are immune to petrification.


Message History

Aim: a death yak (heavily wounded, 91% to hit)
The stone arrow hits the death yak!!
The death yak is severely wounded.
The death yak gores you!
Unknown command.
Aiming: Stone Arrow (safe; 1% risk of failure)
Press: ? - help, Q - select action, (/) - cycle Shift-Dir - straight line, f/p - death yak
Aim: a death yak (severely wounded, 91% to hit)
The stone arrow hits the death yak!!
You kill the death yak!
Makhleb accepts your kill.
You feel better.
Unknown command.
Unknown command.
You slash the death yak! You burn the death yak.
The death yak is moderately wounded.
The death yak closely misses you. The death yak gores you.
You barely miss the death yak.
The death yak is moderately wounded.
The death yak gores you!
You slice the death yak!! You burn the death yak.
The death yak is heavily wounded.
The death yak gores you but does no damage.
The death yak gores you!
* * * LOW HITPOINT WARNING * * *
Your magical contamination has completely faded away.
Aiming: Stone Arrow (safe; 1% risk of failure)
Press: ? - help, Q - select action, (/) - cycle Shift-Dir - straight line, f - death yak
Aim: a death yak (heavily wounded, 91% to hit)
The stone arrow hits the death yak.
The death yak is heavily wounded.
The death yak gores you!
* * * LOW HITPOINT WARNING * * *
Unknown command.
Unknown command.
You feel much better. The death yak gores you!
* * * LOW HITPOINT WARNING * * *
You feel protected. The death yak gores you!!
You die...

#######.#
##.#...<...#
#.....†.####
#.#####.# #.
#.## #. #..
#. #.##
#.#####.#
#.@Y....#
####.####
...# #####


You could see a death yak.

Vanquished Creatures
  3 two-headed ogres
  3 death yaks
  A necromancer (D:10)
  Maggie (D:9)
  3 trolls
  A shadow (D:10)
  A wraith (D:9)
  4 wyverns
  11 yaks
  2 steam dragons
  3 vampire mosquitoes (D:7)
  Menkaure (D:5)
  3 water moccasins
  3 acid dragons
  3 ice beasts
  3 orc warriors
  A sky beast (D:8)
  3 black bears
  3 centaurs
  3 ogres
  12 kobold brigands
  5 gnoll sergeants (D:10)
  5 bullfrogs
  2 necrophages
  14 wights
  3 howler monkeys (D:7)
  3 hounds
  6 orc priests
  A jelly (D:5)
  Jessica (D:3)
  4 iguanas
  13 orc wizards
  Robin (D:2)
  16 gnolls
  3 river rats (Sewer)
  13 adders
  2 white imps
  An ufetubus (D:5)
  6 worms
  6 dart slugs
  29 orcs
  7 ball pythons
  10 endoplasms
  4 giant cockroaches
  17 goblins
  12 hobgoblins
  4 jackals (D:1)
  3 quokkas
  4 bats
  4 frilled lizards
  18 kobolds
  11 rats
296 creatures vanquished.

Notes
Turn   | Place    | Note
-------+----------+-------------------------------------------
     0 | D:1      | Legacy the Gargoyle Earth Elementalist began the quest for
                  | the Orb.
     0 | D:1      | Reached XP level 1. HP: 10/10 MP: 3/3
    92 | D:1      | Reached XP level 2. HP: 15/15 MP: 5/5
   149 | D:1      | Found Eros's Distillery.
   522 | D:1      | Reached XP level 3. HP: 19/20 MP: 6/6
   548 | D:1      | Learned a level 3 spell: Stone Arrow
   857 | D:2      | Noticed Robin
   981 | D:2      | Reached XP level 4. HP: 24/24 MP: 6/8
   998 | D:2      | Killed Robin
  1334 | D:2      | Reached skill level 1 in Transmutations
  1356 | D:2      | Reached skill level 1 in Conjurations
  1404 | D:2      | Found a faded altar of an unknown god.
  1490 | D:2      | Reached skill level 1 in Fighting
  1841 | D:3      | Noticed Jessica
  1850 | D:3      | Reached skill level 1 in Shields
  1851 | D:3      | Killed Jessica
  1852 | D:3      | Reached skill level 2 in Fighting
  1852 | D:3      | Reached XP level 5. HP: 30/30 MP: 5/9
  2098 | D:3      | Reached skill level 1 in Armour
  2438 | D:4      | Identified a scroll of acquirement
  2440 | D:3      | Acquired the +9 glaive "Gaatz" {flame, rN+ Int+3}
  2463 | D:4      | Reached XP level 6. HP: 28/36 MP: 10/10
  2536 | D:4      | Noticed a black bear
  2549 | D:4      | Killed a black bear
  2550 | D:4      | Reached skill level 3 in Fighting
  2599 | D:4      | Reached XP level 7. HP: 15/41 MP: 11/11
  2833 | D:4      | Found a glowing drain.
  2837 | Sewer    | Entered a sewer
  2877 | Sewer    | Learned a level 2 spell: Passwall
  3105 | Sewer    | Reached skill level 4 in Fighting
  3186 | Sewer    | Reached XP level 8. HP: 34/48 MP: 5/13
  3393 | Sewer    | Reached skill level 5 in Earth Magic
  3668 | D:4      | Reached skill level 5 in Fighting
  3868 | D:4      | Found a burning altar of Makhleb.
  3950 | D:4      | Became a worshipper of Makhleb the Destroyer
  4025 | D:5      | Entered Level 5 of the Dungeon
  4103 | D:5      | Acquired 736 gold pieces
  4369 | D:5      | Noticed Menkaure
  4377 | D:5      | Killed Menkaure
  4383 | D:5      | Found an iron altar of Okawaru.
  4549 | D:5      | Identified the +9 dagger "Jellyslayer" {freeze, Int+3}
  4777 | D:5      | Reached XP level 9. HP: 55/55 MP: 15/15
  4881 | D:5      | Reached skill level 1 in Invocations
  4998 | D:5      | Identified the +11 hand axe "Qecha" {freeze, Fly rC- rN++
                  | Int+2}
  5196 | D:6      | Learned a level 4 spell: Petrify
  5607 | D:6      | Found Durrol's Assorted Antiques.
  5618 | D:6      | Bought a scroll labelled SYC SAIPHI for 28 gold pieces
  5618 | D:6      | Bought a scroll of identify for 56 gold pieces
  5618 | D:6      | Bought a scroll of identify for 56 gold pieces
  5618 | D:6      | Bought a scroll labelled UPUN VEUZ VAA for 28 gold pieces
  5644 | D:6      | Reached skill level 6 in Fighting
  5658 | D:6      | Found a hazy altar of Hepliaklqana.
  5909 | D:6      | Found a blossoming altar of Fedhas.
  5913 | D:6      | Found an ancient bone altar of Kikubaaqudgha.
  6241 | D:6      | Learned a level 3 spell: Swiftness
  6285 | D:7      | Reached * piety under Makhleb
  6543 | D:7      | Reached skill level 1 in Polearms
  6544 | D:7      | Reached skill level 1 in Air Magic
  6544 | D:7      | Reached XP level 10. HP: 60/61 MP: 1/17
  6561 | D:7      | Reached skill level 5 in Dodging
  6793 | D:7      | Found Joloxi Iwec's Weapon Emporium.
  6869 | D:7      | Found a staircase to the Ecumenical Temple.
  6984 | D:7      | Reached skill level 5 in Spellcasting
  7026 | D:7      | Identified the +1 trident of Venoah {venom, Int+3}
  7117 | D:7      | Found a hide-covered altar of Uskayaw.
  7220 | D:8      | Learned a level 2 spell: Ensorcelled Hibernation
  7434 | D:8      | Reached ** piety under Makhleb
  7616 | D:8      | Reached skill level 5 in Armour
  8208 | D:9      | Noticed Maggie
  8331 | D:9      | Killed Maggie
  8332 | D:9      | Reached skill level 7 in Fighting
  8398 | D:9      | Reached skill level 5 in Conjurations
  8495 | D:9      | Reached XP level 11. HP: 36/67 MP: 13/18
  8635 | D:9      | Found a glowing silver altar of Zin.
  8635 | D:9      | Noticed an angel
  8672 | D:9      | Found an opulent altar of Gozag.
  8672 | D:9      | Found a shadowy altar of Dithmenos.
  8909 | D:9      | Found a glowing golden altar of the Shining One.
  8987 | D:9      | Noticed a two-headed ogre
  9005 | D:9      | Killed a two-headed ogre
  9331 | D:10     | Entered Level 10 of the Dungeon
  9362 | D:10     | Noticed a two-headed ogre
  9370 | D:10     | Killed a two-headed ogre
  9530 | D:10     | Reached *** piety under Makhleb
  9675 | D:10     | Noticed a two-headed ogre
  9688 | D:10     | Killed a two-headed ogre
 10278 | D:10     | Noticed a death yak
 10280 | D:10     | Noticed a death yak
 10281 | D:10     | Found a staircase to the Lair.
 10282 | D:10     | Noticed a death yak
 10283 | D:10     | Noticed a death yak
 10285 | D:10     | Noticed a death yak
 10343 | D:10     | Found a staircase to the Orcish Mines.
 10481 | D:10     | Killed a death yak
 10857 | D:10     | Reached skill level 5 in Transmutations
 11558 | D:10     | Noticed a necromancer
 11564 | D:10     | Killed a necromancer
 11565 | D:10     | Reached skill level 8 in Fighting
 11634 | D:10     | Learned a level 3 spell: Tukima's Dance
 11717 | D:11     | Killed a death yak
 11718 | D:11     | Reached XP level 12. HP: 50/73 MP: 21/21
 11810 | D:11     | Killed a death yak
 11816 | D:11     | Slain by a death yak

Illustrated notes

Levels and vault maps discovered:
D:1:      dpeg_arrival_boxorama, layout_rooms, serial_shops, shop,
          minmay_unequal
D:2:      layout_loops_ring, hellmonk_ecumenical_altar_leap_of_faith,
          minmay_cupped, uniq_robin
D:3:      layout_basic, uniq_jessica
D:4:      layout_cave_pools, lemuel_crystal_altar, gup_sewer_entry_spiral,
          item_on_display_a
D:5:      layout_loops_cross, okawaru_ov_weapons_minmay, uniq_menkaure
D:6:      layout_basic, mainiacjoe_overflow_brackets,
          grunt_temple_overflow_growth_and_decay, serial_shops,
          nicolae_shop_statue_plus, minmay_liquid_box
D:7:      layout_cave_pools, mainiacjoe_overflow_catwalk,
          minmay_temple_entry_grid, serial_shops, nicolae_shop_statue_plus
D:8:      layout_loops_ring
D:9:      layout_basic, zin_angel, marbit_many_paths,
          mainiacjoe_overflow_large_starburst, uniq_maggie
D:10:     layout_layer_cave, dpeg_lair_monsters,
          kennysheep_orc_monster_closet_entryway, kennysheep_minor_cross,
          grunt_decor_arrowhead, corner_web_ring, minivault_1, minmay_librarian
D:11:     layout_loops_ring, nicolae_transporter_intersection

Skill      XL: |  1  2  3  4  5  6  7  8  9 10 11 |
---------------+----------------------------------+-----
Earth Magic    | 4 5 6 7 |  7.4
Transmutations | 1 2 3 4 5 |  5.2
Conjurations   | 1 2 3 4 5 6 |  6.2
Fighting       | 2 3 4 5 6 7 8 |  8.2
Shields        | 1 2 3 |  3.3
Armour         | 1 2 3 4 5 6 |  6.9
Dodging        | 2 3 4 5 6 |  6.2
Spellcasting   | 3 4 5 6 |  6.2
Stealth        | 3 |  3.7
Invocations    | 2 3 4 |  4.5
Polearms       | 1 3 |  3.4
Air Magic      | 1 2 3 |  3.6

Action                     |  1- 3 |  4- 6 |  7- 9 | 10-12 || total
---------------------------+-------+-------+-------+-------++-------
  Melee: Unarmed           |     7 |       |       |       ||     7
         Dagger            |    54 |       |       |       ||    54
         Punch             |     1 |       |       |       ||     1
         Short sword       |    31 |    39 |       |       ||    70
         Spear             |       |    56 |       |       ||    56
         Glaive            |       |    31 |   224 |   267 ||   522
   Cast: Sandblast         |    37 |    24 |     3 |       ||    64
         Stone Arrow       |       |       |    36 |    69 ||   105
 Invoke: Minor Destruction |       |       |       |     1 ||     1
  Evoke: Wand              |       |       |       |     1 ||     1
    Use: Potion            |     1 |       |       |     6 ||     7
         Scroll            |       |     4 |     5 |    22 ||    31
   Stab: Sleeping          |       |     1 |     1 |     2 ||     4
 Armour: Robe              |    67 |    93 |    76 |       ||   236
         Leather armour    |       |       |    77 |       ||    77
         Ring mail         |       |       |    40 |    98 ||   138
         Swamp dragon scal |       |       |       |   138 ||   138
  Dodge: Dodged            |   111 |   111 |   256 |   293 ||   771
  Block: Buckler           |    13 |    30 |       |       ||    43

Table legend: (Time is in decaauts)
 A = Elapsed time spent in this place.
 B = Non-inter-level travel time spent in this place.
 C = Inter-level travel time spent in this place.
 D = Time resting spent in this place.
 E = Time spent auto-exploring this place.
 F = Levels seen in this place.
 G = Mean time per level.
                   A        B        C        D        E       F      G
               +--------+--------+--------+--------+--------+-----+--------+
         Total |  12462 |  11364 |   1098 |   2600 |      0 |  12 | 1038.5 |
       Dungeon |  11552 |  10454 |   1098 |   2513 |      0 |  11 | 1050.2 |
         Sewer |    910 |    910 |      0 |     87 |      0 |   1 |  910.0 |
               +--------+--------+--------+--------+--------+-----+--------+

Top non-repeatable levels by time:
    D:10: 2158 daAuts
     D:8: 1269 daAuts
     D:6: 1246 daAuts
     D:9: 1077 daAuts
     D:5: 1051 daAuts
     D:4: 1016 daAuts
   Sewer: 910 daAuts
     D:2: 895 daAuts
     D:7: 828 daAuts
     D:1: 819 daAuts
     D:3: 800 daAuts
    D:11: 388 daAuts
